Map: Simulacrum LE

Players

RuFF

  • Race: Terran Terran
  • League: Master
  • Spawn Location: 5:00

React - Winner!

  • Race: Zerg Zerg
  • League: Master
  • Spawn Location: 11:00

VOD

Have the link to the VOD?

Description

Time

  • Played on: Dec. 15, 2019, 2:18 p.m.
  • Length: 17:51
Show
View Real Time Build Order
Export as new Build Order

RuFF Terran 

Build Orders: Mech 

Get SALT Encoding   

  12  0:01  SCV  
  13  0:13  SCV  
  14  0:21  Supply Depot  
  14  0:25  SCV  
  15  0:40  Refinery  
  15  0:42  SCV  
  16  0:45  Barracks  
  16  0:54  SCV  
  16  0:56  Refinery  
  17  1:06  SCV  
  18  1:19  SCV  
  19  1:31  Orbital Command  
  19  1:34  Ghost Academy, Barracks Tech Lab  
  19  1:48  Supply Depot  
  19  1:57  SCV  
  20  2:02  Ghost  
  22  2:09  SCV  
  23  2:15  Factory  
  23  2:21  SCV  
  24  2:39  Ghost  
  24  2:42  SCV  
  27  2:48  Supply Depot  
  27  2:54  SCV  
  28  3:09  Command Center  
  28  3:18  Factory Tech Lab, SCV  
  29  3:30  Ghost  
  29  3:31  SCV  
  32  3:37  Supply Depot  
  32  3:44  Starport  
  32  3:48  Siege Tank  
  35  3:49  SCV  
  36  4:00  Supply Depot  
  36  4:02  SCV  
  37  4:14  SCV, Ghost  
  40  4:21  Orbital Command  
  40  4:22  Medivac  
  42  4:29  SCV  
  43  4:33  Refinery  
  43  4:34  Refinery  
  43  4:41  SCV  
  44  4:48  SCV  
  45  4:53  Command Center, SCV  
  45  4:59  Ghost  
  46  5:00  Liberator, SCV  
  46  5:06  Siege Tank  
  52  5:08  SCV  
  52  5:12  SCV  
  57  5:35  Ghost  
  59  5:36  SCV  
  59  5:40  Barracks  
  59  5:41  Barracks  
  58  5:47  Siege Tank  
  58  5:49  SCV  
  62  5:54  Armory, Engineering Bay  
  62  5:56  SCV  
  63  6:01  SCV  
  64  6:09  SCV  
  65  6:29  SCV  
  66  6:35  Ghost  
  66  6:36  Barracks Tech Lab x2  
  68  6:40  Terran Infantry Weapons Level 1  
  68  6:44  SCV  
  68  6:46  SCV  
  70  6:51  SCV  
  71  6:58  SCV  
  71  7:00  Ghost  
  71  7:01  Ghost  
  74  7:02  Liberator  
  74  7:03  Terran Vehicle Weapons Level 1  
  73  7:09  Planetary Fortress  
  73  7:11  Refinery  
  73  7:18  SCV  
  73  7:21  Refinery  
  77  7:29  Siege Tank  
  80  7:31  Supply Depot x2  
  80  7:45  SCV, Factory  
  80  7:46  SCV x2  
  80  7:47  Factory  
  83  7:57  Missile Turret x2  
  83  7:58  SCV x2, Missile Turret  
  85  8:04  Missile Turret  
  85  8:06  Missile Turret  
  85  8:08  Siege Tank  
  80  8:27  Ghost x2  
  80  8:28  Ghost  
  80  8:29  Personal Cloaking  
  86  8:37  SCV x3  
  89  8:45  Factory Tech Lab, Factory Reactor  
  89  8:49  SCV x2  
  89  8:53  SCV  
  89  8:57  Sensor Tower  
  89  9:01  SCV x2  
  91  9:03  Neosteel Armor  
  91  9:09  Starport Reactor  
  91  9:17  SCV  
  91  9:18  SCV  
  91  9:19  Terran Vehicle Weapons Level 2  
  91  9:21  SCV  
  94  9:27  Command Center  
  94  9:29  SCV  
  94  9:30  SCV  
  96  9:31  Ghost  
  96  9:33  Ghost  
  100  9:42  SCV  
  101  9:47  Missile Turret  
  101  9:49  Supply Depot  
  101  9:50  Supply Depot  
  101  9:52  Supply Depot  
  101  9:54  Supply Depot  
  101  10:10  Ghost x2  
  101  10:11  Siege Tank, Ghost, Medivac x2  
  101  10:12  SCV  
  101  10:13  SCV  
  116  10:20  Missile Turret  
  116  10:27  Infernal Pre-Igniter  
  116  10:32  Factory  
  116  10:35  Factory  
  116  10:44  Command Center  
  116  10:51  Siege Tank  
  116  10:52  Siege Tank, Hellion x2  
  116  10:54  Smart Servos  
  126  11:18  Refinery  
  126  11:19  Refinery, Planetary Fortress  
  126  11:23  Thor x2  
  138  11:39  Factory Tech Lab  
  138  11:40  Factory Tech Lab, Missile Turret  
  138  11:42  Armory  
  138  11:43  Terran Vehicle And Ship Armor Level 1, Missile Turret  
  137  11:49  Missile Turret  
  137  11:51  Sensor Tower  
  137  11:53  Missile Turret  
  137  11:58  SCV x2  
  137  11:59  SCV  
  140  12:01  Thor  
  140  12:04  Terran Infantry Weapons Level 2  
  146  12:09  Medivac  
  146  12:15  Planetary Fortress  
  148  12:26  SCV x2  
  148  12:27  Command Center  
  117  12:56  Siege Tank x4  
  123  13:00  SCV x2  
  123  13:01  SCV x2  
  128  13:12  SCV  
  128  13:18  SCV  
  129  13:25  Fusion Core  
  129  13:26  Terran Vehicle Weapons Level 3  
  129  13:32  Siege Tank x2  
  135  13:36  Terran Vehicle And Ship Armor Level 2  
  135  13:40  Enhanced Shockwaves  
  135  13:55  Thor  
  137  14:27  Thor x3  
  154  14:39  Thor  
  154  14:40  Hellion  
  162  14:49  Missile Turret  
  158  15:09  Sensor Tower  
  138  15:15  Thor x2  
  136  15:44  Planetary Fortress  
  136  15:45  Hellion  
  136  15:46  Hellion x3  
  123  15:58  Hellion  
  80  16:28  Siege Tank  
  80  16:29  Siege Tank x3  
  92  16:38  Command Center  
  92  16:42  SCV x2  
  92  16:46  SCV  
  95  16:57  SCV  
  96  17:07  Siege Tank x4  
  108  17:23  Missile Turret x2  
  108  17:26  Missile Turret  
  108  17:32  Sensor Tower  
Show
View Real Time Build Order
Export as new Build Order

React Zerg - Winner!

Build Orders: Hatch First, Lurkers 

Get SALT Encoding   

  12  0:00  Drone  
  13  0:12  Overlord  
  13  0:17  Drone  
  14  0:31  Drone x2  
  16  0:36  Drone  
  17  0:53  Hatchery  
  17  0:54  Drone  
  17  0:57  Drone  
  17  0:59  Extractor  
  17  1:06  Drone  
  18  1:17  Spawning Pool  
  17  1:19  Drone  
  18  1:27  Drone  
  19  1:38  Overlord  
  19  1:49  Drone  
  20  2:04  Metabolic Boost  
  20  2:05  Zergling x2, Queen  
  20  2:06  Zergling x2  
  20  2:07  Queen  
  26  2:25  Zergling x6  
  26  2:29  Spore Crawler  
  28  2:35  Zergling x4  
  30  2:38  Overlord  
  30  2:46  Overlord  
  30  2:54  Spore Crawler  
  30  2:56  Queen  
  31  3:01  Overlord  
  31  3:07  Overlord  
  31  3:15  Drone  
  31  3:16  Drone  
  31  3:17  Drone  
  31  3:18  Drone x2  
  37  3:34  Drone x5  
  37  3:38  Drone  
  42  3:47  Zergling x4  
  44  3:52  Queen  
  44  3:54  Overlord  
  46  4:00  Drone  
  47  4:09  Drone x3  
  50  4:10  Drone  
  50  4:12  Lair  
  50  4:16  Roach Warren  
  50  4:18  Drone  
  50  4:21  Drone  
  52  4:24  Drone x2  
  54  4:34  Extractor, Drone  
  54  4:36  Extractor, Drone  
  54  4:37  Evolution Chamber  
  53  4:40  Drone  
  53  4:41  Drone x2  
  56  4:49  Drone  
  56  4:50  Drone  
  58  5:05  Zerg Missile Weapons Level 1  
  57  5:08  Overlord x2, Hatchery  
  57  5:12  Glial Reconstitution  
  56  5:14  Drone  
  56  5:15  Hydralisk Den, Drone  
  57  5:26  Overseer  
  53  5:35  Drone x2  
  50  5:44  Zergling x2  
  50  5:45  Zergling x18  
  50  5:48  Grooved Spines  
  50  5:49  Pneumatized Carapace  
  60  5:52  Overseer  
  60  5:59  Drone x2  
  62  6:25  Overseer  
  62  6:30  Drone  
  62  6:31  Drone x7  
  66  6:42  Drone  
  66  6:43  Drone x5  
  72  6:53  Drone  
  70  6:54  Drone  
  70  7:00  Zerg Missile Weapons Level 2  
  70  7:01  Muscular Augments  
  68  7:07  Hydralisk  
  68  7:08  Hydralisk x3  
  66  7:11  Queen  
  66  7:12  Extractor x2  
  72  7:21  Hatchery  
  71  7:25  Overlord x2  
  71  7:32  Overlord x4  
  70  7:46  Drone x3  
  70  7:47  Drone x4  
  77  7:52  Queen  
  79  8:00  Drone x2  
  79  8:01  Drone  
  82  8:08  Drone x4  
  82  8:09  Drone  
  87  8:17  Drone  
  80  8:29  Hydralisk x9  
  80  8:30  Hydralisk  
  80  8:31  Baneling Nest  
  99  8:34  Queen  
  98  8:42  Zergling x8  
  98  8:43  Extractor  
  98  8:45  Extractor, Zergling x2  
  100  8:50  Zergling x6  
  100  8:55  Zergling x8  
  107  9:03  Infestation Pit  
  107  9:04  Zergling x2  
  107  9:05  Zergling x16  
  107  9:09  Drone  
  116  9:12  Queen  
  116  9:14  Centrifical Hooks  
  118  9:19  Overlord x4  
  118  9:31  Overseer  
  118  9:38  Drone  
  119  9:39  Drone x10  
  119  9:40  Lurker Den  
  119  9:42  Queen  
  119  9:43  Queen  
  132  9:51  Zergling x6  
  132  9:52  Zergling x6  
  138  10:01  Zerg Ground Armor Level 1  
  138  10:03  Hive  
  138  10:12  Hydralisk  
  138  10:13  Hydralisk x5  
  150  10:18  Evolution Chamber  
  149  10:24  Extractor, Drone x2  
  149  10:25  Drone  
  149  10:26  Overlord x3  
  151  10:43  Hatchery  
  151  10:49  Zerg Melee Weapons Level 1  
  150  10:52  Hydralisk  
  150  10:53  Hydralisk x8  
  168  11:08  Overseer  
  168  11:15  Adrenal Glands  
  168  11:18  Lurker x4  
  169  11:19  Lurker x4, Adaptive Talons  
  169  11:20  Overlord  
  169  11:21  Overlord  
  176  11:43  Hydralisk x4  
  176  11:44  Hydralisk x4  
  186  11:47  Zergling x6  
  186  11:48  Zergling x4  
  189  11:55  Zerg Missile Weapons Level 3  
  189  11:59  Seismic Spines  
  189  12:00  Queen  
  191  12:03  Overlord x2, Overseer  
  191  12:06  Baneling  
  191  12:07  Baneling x14  
  191  12:08  Baneling x2  
  191  12:11  Overlord x2  
  191  12:30  Zergling x6  
  191  12:31  Zergling x10  
  157  12:46  Hydralisk x10  
  157  12:47  Hydralisk x2  
  161  12:53  Zergling x14  
  161  12:57  Overseer  
  162  13:03  Lurker  
  162  13:05  Lurker x7  
  168  13:06  Lurker  
  168  13:12  Drone x7  
  178  13:14  Drone  
  178  13:15  Drone  
  180  13:21  Overlord  
  180  13:22  Overlord  
  180  13:27  Baneling  
  180  13:28  Baneling x14  
  180  13:30  Baneling x2  
  180  13:31  Baneling x3  
  180  13:43  Extractor  
  180  13:44  Extractor, Drone x3  
  180  13:45  Drone x3  
  180  13:46  Zerg Melee Weapons Level 2  
  170  14:17  Burrow  
  158  14:31  Infestor, Neural Parasite  
  157  14:32  Infestor x7  
  157  14:34  Zergling x2  
  157  14:35  Zergling x34  
  157  14:36  Zergling x8  
  195  14:48  Zerg Ground Armor Level 2  
  195  14:53  Lurker x4  
  195  14:57  Hatchery  
  164  15:16  Zergling x2  
  164  15:17  Zergling x32  
  164  15:18  Zergling x12  
  187  15:25  Overseer x2  
  187  15:42  Zergling x2  
  180  15:43  Zergling x28  
  164  16:08  Hydralisk  
  164  16:09  Hydralisk x13  
  171  16:27  Hydralisk x9  
  171  16:31  Overlord, Queen  
  188  16:45  Infestor  
  188  16:48  Lurker x4  
  188  16:49  Lurker x3  
  195  16:58  Zergling x8  
  199  17:04  Queen x3  
  199  17:05  Queen  
  199  17:06  Queen  
  199  17:16  Hydralisk x18  
  199  17:17  Hydralisk x18  
Tags
 
Composition
LurkersMech
Matchup
TvZ
Spawn Locations
Cross Positions
Add a new tag
Caveats
  • Supply blocks, unpowered buildings, or Contaminate may cause inaccurate times.
  • Supply counts are checked every 10 seconds.